 Dungeon Crawl Stone Soup version 0.20-a0-1122-gb7cbeb9 (webtiles) character file.

6 M4edhros the Grave Robber (level 1, -3/11 HPs)
             Began as an Octopode Necromancer on May 11, 2017.
             Slain by a leopard gecko (4 damage)
             ... on level 1 of the Dungeon.
             The game lasted 00:00:28 (105 turns).

M4edhros the Grave Robber (Octopode Necromancer)     Turns: 105, Time: 00:00:29

Health: -3/11      AC:  1    Str:  7    XL:     1   Next: 90%
Magic:  0/3        EV: 13    Int: 17    God:
Gold:   27         SH:  0    Dex: 14    Spells: 3/4 levels left

rFire    . . .     SeeInvis .     - Unarmed
rCold    . . .     Gourm    .   (no shield)
rNeg     . . .     Faith    .   (helmet restricted)
rPois    .         Spirit   .   (no amulet)
rElec    .         Reflect  .   d - +2 ring of dexterity
rCorr    .         Harm     .   (no ring)
MR       .....                  (no ring)
Stlth    +++.......             (no ring)
Regen    0.1/turn               (no ring)
MPRegen  0.1/turn               (no ring)
                                (no ring)
                                (no ring)

@: no status effects
A: almost no armour, stealthy swim, amphibious, 8 rings, constrict 8, camouflage
1, gelatinous body 1
a: no special abilities


You were on level 1 of the Dungeon.
You were not hungry.

You visited 1 branch of the dungeon, and saw 1 of its levels.

You collected 27 gold pieces.

Inventory:

Jewellery
 d - a +2 ring of dexterity (left tentacle)
Books
 a - a book of Necromancy

   Spells                             Type                      Level
   a - Pain                           Necromancy                   1
   b - Animate Skeleton               Necromancy                   1
   c - Vampiric Draining              Necromancy                   3
   d - Regeneration                   Charms/Necromancy            3
   e - Animate Dead                   Necromancy                   4
   f - Control Undead                 Necromancy                   4
Comestibles
 b - 2 bread rations
 c - a meat ration


   Skills:
 - Level 2.0 Dodging
 - Level 2.6 Stealth
 + Level 1.4 Unarmed Combat
 - Level 2.0 Spellcasting
 - Level 4.0 Necromancy


You had 3 spell levels left.
You knew the following spells:

 Your Spells              Type           Power        Failure   Level  Hunger
a - Pain                  Necr           ###.         3%          1    #......


Dungeon Overview and Level Annotations

Branches:
Dungeon (1/15)

Altars:


Innate Abilities, Weirdness & Mutations

You cannot wear most types of armour.
You are very stealthy in the water. (Stealth+)
You are amphibious.
You can wear up to eight rings at the same time.
You can use your tentacles to constrict eight enemies at once.
Your skin changes colour to match your surroundings (Stealth+).
Your rubbery body absorbs attacks. (AC +1, EV +1)


Message History

Press: ? - help, Shift-Dir - straight line, f - leopard gecko
Aim: a leopard gecko (clinging, resting, chance to defeat MR: 85%)
The leopard gecko hisses angrily.
The leopard gecko barely resists.
Casting: Pain
Confirm with . or Enter, or press ? or * to list all spells.
Aiming: Pain
Press: ? - help, Shift-Dir - straight line, f/p - leopard gecko
Aim: a leopard gecko (clinging, chance to defeat MR: 85%)
The leopard gecko writhes in agony!
Casting: Pain
Confirm with . or Enter, or press ? or * to list all spells.
Aiming: Pain
Press: ? - help, Shift-Dir - straight line, f/p - leopard gecko
Aim: a leopard gecko (moderately wounded, clinging, chance to defeat MR: 85%)
The leopard gecko barely resists.
You miss the leopard gecko. You grab the leopard gecko.
The leopard gecko is moderately wounded.
You constrict the leopard gecko. The leopard gecko bites you.
You die...

.#### ...... ......#######.#
..$...........# #######l#######
#####.......@.....#####
###.......#######.......###
##......###.......###......##
#....###.............###....#
##...#......#######......#...##
#...#.....### ###.....#...#
#...#....## ##....#...#
#...#....## ##...)#...#
#...#..<..### ###.....#...#


You could see a leopard gecko.

Vanquished Creatures
  4 jackals (D:1)
  A bat (D:1)
5 creatures vanquished.

Notes
Turn   | Place    | Note
-------+----------+-------------------------------------------
     0 | D:1      | M4edhros the Octopode Necromancer began the quest for the Orb.
     0 | D:1      | Reached XP level 1. HP: 11/11 MP: 3/3
    22 | D:1      | Reached skill level 1 in Unarmed Combat
   105 | D:1      | Slain by a leopard gecko

Vault maps used:
D:1:      dpeg_arrival_oval

Skill      XL: |  1 |
---------------+----+-----
Unarmed Combat | 1 |  1.4
Dodging        | |  2.0
Stealth        | |  2.6
Spellcasting   | |  2.0
Necromancy     | |  4.0

Action                   || total
-------------------------++-------
Melee: Unarmed           ||    11
       Constrict         ||     6
       Tentacles         ||     2
 Cast: Pain              ||     7
Armor: Skin              ||     2
Dodge: Dodged            ||    17
